 Dungeon Crawl Stone Soup version bcrawl-1.27.8b (webtiles) character file.

Game seed: 18223065125233633458

467063 LostNumber the Harbinger of Death (level 11, -19/100 HPs)
             Began as a Hill Orc Archaeologist on Nov 8, 2020.
             Was a High Priest of Yredelemnul.
             Hit by a large rock thrown by a cyclops (26 damage)
             ... on level 9 of the Dungeon.
             The game lasted 00:14:50 (7804 turns).

LostNumber the Harbinger of Death (HOAc)            Turns: 7804, Time: 00:14:51

Health: -19/100    AC: 11    Str: 18    XL:     11   Next: 63%
Magic:  18/18      EV: 12    Int: 14    God:    Yredelemnul [*****.]
Gold:   783        SH:  7    Dex:  9    Spells: 10/10 levels left

rFire    . . .     SeeInvis .   f - +1 demon blade (elec)
rCold    . . .     Gourm    .   m - +0 buckler
rNeg     . . .     Faith    .   l - +0 ring mail
rPois    .         Spirit   .   c - +1 hat
rElec    .         Reflect  .   C - +0 cloak
rCorr    .         Harm     .   (no gloves)
MR       .....                  N - +1 pair of boots
Stlth    +.........             (no amulet)
HPRegen  0.26/turn              (no ring)
MPRegen  0.16/turn              (no ring)

@: no status effects
A: no striking features
a: Recall Undead Slaves, Injury Mirror, Animate Dead, Drain Life, Enslave Soul,
Renounce Religion


You were on level 9 of the Dungeon.
You worshipped Yredelemnul.
Yredelemnul was extremely pleased with you.
You were very hungry.

You visited 1 branch of the dungeon, and saw 9 of its levels.
You also visited: Sewer.

You collected 831 gold pieces.
You spent 48 gold pieces at shops.

Inventory:

Hand Weapons
 a - a +0 whip
 f - a +1 demon blade of electrocution (weapon)
   (You acquired it on level 3 of the Dungeon)
 h - a +0 war axe
   (You found it on level 2 of the Dungeon)
 I - the +8 spear of Tecler {holy, rPois Str+5, unknown}
   (You found it on level 7 of the Dungeon)

   It has been blessed by the Shining One to cause great damage to the undead
   and demons.
   It affects your strength (+5).
   It protects you from poison.
   Yredelemnul disapproves of the use of such an item.
Armour
 b - a +1 robe
 c - a +1 hat (worn)
 l - a +0 ring mail (worn)
   (You found it on level 1 of the Dungeon)
 m - a +0 buckler (worn)
   (You took it off a goblin on level 2 of the Dungeon)
 C - a +0 cloak (worn)
   (You found it on level 5 of the Dungeon)
 N - a +1 pair of boots (worn)
Jewellery
 n - a +5 ring of intelligence {unknown}
   (You found it on level 3 of the Dungeon)
 r - the ring "Vuasm" {Ice +Fly}
   (You took it off a hobgoblin on level 3 of the Dungeon)

   [ring of ice]

   It enhances your ice magic.
   It makes you vulnerable to fire.
   It protects you from cold.
   It lets you fly.
 G - an uncursed ring of poison resistance {unknown}
   (You found it on level 6 of the Dungeon)
 L - a +4 ring of intelligence {unknown}
   (You found it on level 8 of the Dungeon)
Wands
 d - a wand of iceblast (6)
   (You found it on level 9 of the Dungeon)
 t - a wand of flame (19)
   (You found it on level 5 of the Dungeon)
 E - a wand of clouds (8)
   (You found it on level 7 of the Dungeon)
 K - a wand of enslavement (6)
   (You found it on level 7 of the Dungeon)
Scrolls
 g - 3 scrolls of magic mapping
 p - 6 scrolls of teleportation {unknown}
 v - 2 scrolls of fear {unknown}
 x - a scroll of amnesia {unknown}
 y - 3 scrolls of enchant armour {unknown}
 A - a scroll of noise {unknown}
 B - 8 scrolls of identify {@r1}
 F - 2 scrolls of remove curse {unknown}
 H - a scroll of fog {unknown}
Potions
 i - 2 potions of agility {unknown}
 j - 3 potions of brilliance {unknown}
 k - 3 potions of degeneration {unknown}
 o - 5 potions of curing {unknown}
 q - a potion of heal wounds {@q2}
 s - a potion of resistance {unknown}
 u - 3 potions of lignification {unknown}
 w - a potion of haste {unknown}
 z - a potion of cancellation {unknown}
 D - 3 potions of mutation {unknown}
 J - a potion of berserk rage
 M - a potion of might
 O - a potion of invisibility {unknown}
Comestibles
 e - 13 rations {!d!d}


   Skills:
 * Level 10.2 Fighting
   Level 10.2 Short Blades
   Level 10.2 Long Blades
   Level 10.2 Axes
   Level 10.2 Maces & Flails
   Level 10.2 Polearms
   Level 10.2 Staves
 + Level 9.1 Armour
 - Level 5.0 Dodging
 - Level 2.6 Stealth
 - Level 5.0 Shields
   Level 10.2 Unarmed Combat
 + Level 10.2 Invocations


You had 10 spell levels left.
You didn't know any spells.
Your spell library contained the following spells:

 Spells                   Type           Power        Failure   Level  Hunger
 Apportation              Tloc           #.....       65%         1    None
 Infusion                 Chrm           #.......     65%         1    None
 Sandblast                Erth           #.....       65%         1    None
 Slow                     Hex            #.......     65%         1    None
 Summon Butterflies       Summ           #.......     65%         1    None
 Song of Slaying          Chrm           #.......     78%         2    ####...
 Ozocubu's Armour         Chrm/Ice       #.......     95%         3    #####..
 Regeneration             Chrm/Necr      #.........   95%         3    #####..
 Spectral Weapon          Hex/Chrm       #.......     95%         3    #####..


Dungeon Overview and Level Annotations

Branches:
Dungeon (9/12)             Temple (0/1) D:7            Lair (0/6) D:9
    Orc: D:8-11

Altars:
Dithmenos
Gozag
Hepliaklqana
Kikubaaqudgha
Makhleb
Okawaru
Qazlal
Trog
Wu Jian
Xom
Yredelemnul

Shops:
D:4 (   D:6 (}   D:8 [(??!

Annotations:
D:4 1 runed door, MisterOstroum's ghost, novice MfWn


Message History

The cyclops throws a large rock.
The large rock hits your skeletal warrior!
The large rock shimmers and vanishes!
Things that are here:
a +0 dagger; a +0 robe You slash the cyclops!
Your skeletal warrior hits the rakshasa with a +0 halberd!
The rakshasa weaves an illusion.
The cyclops shimmers and seems to become two!
You slash the cyclops!
You kill the cyclops!
The cyclops's corpse shimmers and vanishes!
The cyclops throws a large rock.
The large rock closely misses you. The large rock hits your ogre zombie!!
The cyclops throws a large rock.
The large rock closely misses your skeletal warrior.
You block the large rock.
The large rock shimmers and vanishes!
Your skeletal warrior closely misses the rakshasa.
Unknown command.
You block the cyclops's attack.
The cyclops throws a large rock.
The large rock misses your skeletal warrior.
The large rock hits you!!
* * * LOW HITPOINT WARNING * * *
The large rock shimmers and vanishes!
Your skeletal warrior hits the rakshasa with a +0 halberd!
The rakshasa hits you with a +0 whip!
* * * LOW HITPOINT WARNING * * *
The rakshasa weaves an illusion.
The cyclops shimmers and seems to become two!
Unknown command.
Your skeletal warrior hits the rakshasa with a +0 halberd!
The injured rakshasa weaves a defensive illusion!
The cyclops hits your skeletal warrior.
The cyclops throws a large rock.
The large rock hits your ogre zombie!!
Your ogre zombie is destroyed!
The large rock shimmers and vanishes!
The cyclops throws a large rock.
The large rock closely misses your skeletal warrior.
The large rock hits you!
* * * LOW HITPOINT WARNING * * *
Something completely misses your skeletal warrior.
Your skeletal warrior barely misses something.
Your jackal zombie barely misses something.
The cyclops throws a large rock.
The large rock hits your skeletal warrior!
The large rock shimmers and vanishes!
The cyclops hits your jackal zombie!!
Your jackal zombie is destroyed!
The cyclops throws a large rock.
The large rock closely misses your skeletal warrior.
The large rock hits you!!
You die...
Your body rises from the dead as a mindless zombie.

#WW.# #.#
#..#######.#
#.Z.# #.#
#..........#
#...# #.#
#..........#
#...#
#>......)..#
#...#
###.<......#
#...# #..[.....#
#)))# #.
#ZZ......# #...#
#..####ZZZ.....#
#...#
#.RR#@########
#...# #.Cz).#
#...# #.CC#.#
#...# #..####.#
#...# #. #.#
#...# #.. #...#
#.. #...# .###
#...# .


You could see 3 cyclopes, a friendly skeletal warrior, a friendly manticore
zombie, a friendly gnoll zombie, a friendly orc warrior zombie, a friendly deep
troll zombie and a friendly yak skeleton.

Vanquished Creatures
  A deep elf mage (D:8)
  2 kobold demonologists
  2 trolls
  10 yaks
  3 hogs (D:7)
  A human (D:7)
  2 hungry ghosts
  2 phantoms
  6 orc warriors
  4 black bears
  An ice beast (D:6)
  2 ogres (D:9)
  A centaur (D:9)
  3 bullfrogs
  A big kobold (D:8)
  A gnoll sergeant (D:9)
  A scorpion (D:4)
  A howler monkey (D:7)
  A bullfrog zombie (D:3)
  2 crimson imps
  2 quasits
  6 hounds
  2 jellies
  A gnoll shaman (D:6)
  5 orc priests
  3 orc wizards
  Jessica (D:2)
  4 iguanas
  4 worker ants
  A killer bee zombie (D:8)
  2 worker ant zombies
  6 gnolls (D:9)
  A howler monkey skeleton (D:4)
  A river rat (D:4)
  6 adders
  2 oozes (D:3)
  An adder zombie (D:5)
  2 worms
  A dart slug (D:3)
  A leopard gecko (D:1)
  37 orcs
  A ball python (D:2)
  8 bats
  5 giant cockroaches
  5 goblins
  8 hobgoblins
  5 jackals
  15 kobolds
  4 quokkas
  3 frilled lizards
  A quokka zombie (D:5)
  8 rats
199 creatures vanquished.

Vanquished Creatures (collateral kills)
  A two-headed ogre (D:7)
  A deep troll (D:9)
  A cyclops (D:9)
  A wolf spider zombie (D:9)
  A manticore (D:9)
  A komodo dragon (D:9)
  2 trolls
  A blink frog (shapeshifter) (D:7)
  2 hippogriffs (D:7)
  A hornet (D:5)
  A meliai zombie (D:6)
  12 yaks
  A hog (D:7)
  A hungry ghost (D:9)
  A crocodile (Sewer)
  Duvessa (D:7)
  4 sky beasts
  An ogre (D:8)
  A necrophage (D:5)
  2 centaurs (D:7)
  A bullfrog (D:8)
  A big kobold (D:9)
  Dowan (D:7)
  A water moccasin zombie (D:5)
  A scorpion (D:6)
  A killer bee (D:6)
  A howler monkey (D:7)
  2 crimson imps
  A bullfrog zombie (D:5)
  2 hounds (D:7)
  An orc priest (D:3)
  A gnoll shaman (D:7)
  2 orc wizards (D:9)
  An iguana (D:6)
  4 worker ants
  A hound zombie (D:4)
  6 gnolls
  2 adders
  3 shadow imps
  An adder zombie (D:7)
  11 orcs
  4 jackals (D:4)
  A quokka (D:6)
  7 kobolds
  A quokka skeleton (D:4)
95 creatures vanquished.

Vanquished Creatures (others)
  A phantasmal warrior (D:9)
  2 flying skulls (D:8)
  2 wraiths
  2 yak zombies
  A troll zombie (D:7)
  3 wights
  A yak skeleton (D:9)
  2 ogre zombies (D:9)
  A sky beast zombie (D:7)
  4 gnoll zombies (D:9)
  A jackal zombie (D:9)
  7 kobold zombies
  An orc skeleton (D:9)
  2 orc zombies (D:9)
  A plant (D:9)
31 creatures vanquished.

Grand Total: 325 creatures vanquished

Notes
Turn   | Place    | Note
-------+----------+-------------------------------------------
     0 | D:1      | LostNumber the Hill Orc Archaeologist began the quest for
                  | the Orb.
     0 | D:1      | Reached XP level 1. HP: 16/16 MP: 1/1
   192 | D:1      | Reached XP level 2. HP: 23/24 MP: 2/2
   501 | D:1      | Reached skill level 1 in Armour
   732 | D:2      | Noticed Jessica
   739 | D:2      | Killed Jessica
   739 | D:2      | Reached XP level 3. HP: 30/30 MP: 3/3
   848 | D:2      | Found a faded altar of an unknown god.
   961 | D:2      | Became a worshipper of Yredelemnul the Dark
   961 | D:2      | Reached * piety under Yredelemnul
  1183 | D:2      | Reached XP level 4. HP: 37/37 MP: 4/4
  1387 | D:3      | Found an iron altar of Okawaru.
  1563 | D:3      | Identified the ring "Vuasm" {Ice +Fly}
  1570 | D:3      | Reached skill level 1 in Shields
  1576 | D:3      | Reached XP level 5. HP: 28/45 MP: 5/5
  1576 | D:3      | Identified a scroll of acquirement
  1657 | D:3      | Found a burning altar of Makhleb.
  1657 | D:3      | Found a shimmering altar of Xom.
  2017 | D:3      | Found a hazy altar of Hepliaklqana.
  2122 | D:3      | Reached ** piety under Yredelemnul
  2179 | D:3      | Reached XP level 6. HP: 9/51 MP: 6/6
  2594 | D:4      | Found a glowing drain.
  2646 | Sewer    | Entered a sewer
  2742 | Sewer    | Noticed a crocodile
  2748 | Sewer    | Killed a crocodile
  2748 | Sewer    | Reached skill level 1 in Invocations
  2748 | Sewer    | Reached XP level 7. HP: 47/59 MP: 6/8
  2825 | D:4      | Found Esupsiest's Antique Weapon Shop.
  2951 | D:4      | Found a runed door.
  2995 | D:4      | Found a runed translucent door.
  3052 | D:4      | Noticed MisterOstroum's ghost (novice MfWn)
  3410 | D:5      | Entered Level 5 of the Dungeon
  3431 | D:5      | Noticed a hornet
  3434 | D:5      | Killed a hornet
  3449 | D:5      | Reached *** piety under Yredelemnul
  3499 | D:5      | Found a stormy altar of Qazlal.
  3520 | D:5      | Reached XP level 8. HP: 67/67 MP: 10/10
  3754 | D:5      | Reached skill level 5 in Fighting
  3811 | D:5      | Noticed a kobold demonologist
  3824 | D:5      | Killed a kobold demonologist
  4194 | D:6      | Found Kynosh's Gadget Shop.
  4342 | D:6      | Reached XP level 9. HP: 65/75 MP: 12/12
  4382 | D:6      | Reached skill level 5 in Armour
  4440 | D:6      | Reached skill level 5 in Invocations
  4586 | D:6      | Found a bloodstained altar of Trog.
  4637 | D:6      | Found Haq Serhurgh's Antique Weapon Shop.
  5128 | D:6      | Reached skill level 5 in Dodging
  5128 | D:6      | Reached skill level 5 in Shields
  5394 | D:7      | Found an ornate altar of the Wu Jian Council.
  5394 | D:7      | Found a shadowy altar of Dithmenos.
  5440 | D:7      | Noticed a troll
  5447 | D:7      | Killed a troll
  5473 | D:7      | Found a staircase to the Ecumenical Temple.
  5479 | D:7      | Reached **** piety under Yredelemnul
  5731 | D:7      | Noticed a two-headed ogre
  5737 | D:7      | Killed a two-headed ogre
  5737 | D:7      | Reached XP level 10. HP: 59/88 MP: 13/15
  5769 | D:7      | Noticed Duvessa
  5775 | D:7      | Noticed Dowan
  5781 | D:7      | Killed Duvessa
  5783 | D:7      | Killed Dowan
  5976 | D:7      | Found a shadowy altar of Dithmenos.
  6097 | D:7      | Got a polished spear
  6391 | D:8      | Found Ujibbai's Armour Emporium.
  6431 | D:8      | Found Juekkiju's Magic Scroll Shop.
  6513 | D:8      | Reached XP level 11. HP: 97/97 MP: 11/17
  6518 | D:8      | Reached ***** piety under Yredelemnul
  6521 | D:8      | Found Imuff's Distillery.
  6612 | D:8      | Bought a potion of might for 48 gold pieces
  6714 | D:8      | Noticed a deep elf mage
  6718 | D:8      | Killed a deep elf mage
  6839 | D:8      | Found Yduf's Antique Weapon Emporium.
  6872 | D:8      | Found Xuikhek's Magic Scroll Shop.
  7554 | D:9      | Found an ancient bone altar of Kikubaaqudgha.
  7597 | D:9      | Found an opulent altar of Gozag.
  7640 | D:9      | Found a staircase to the Lair.
  7666 | D:9      | Reached skill level 10 in Fighting
  7685 | D:9      | Reached skill level 10 in Invocations
  7736 | D:9      | Noticed a manticore
  7740 | D:9      | Noticed a cyclops
  7741 | D:9      | Noticed a deep troll
  7746 | D:9      | Killed a manticore
  7751 | D:9      | Killed a deep troll
  7755 | D:9      | Killed a cyclops
  7798 | D:9      | Noticed a cyclops
  7798 | D:9      | Noticed a cyclops
  7798 | D:9      | Noticed a rakshasa
  7804 | D:9      | Hit by a large rock thrown by a cyclops

Skill      XL: |  1  2  3  4  5  6  7  8  9 10 11 |
---------------+----------------------------------+-----
Fighting       | 2 3 4 5 7 9 10 | 10.2
Armour         | 1 2 3 4 6 8 9 |  9.1
Dodging        | 3 4 5 |  5.0
Shields        | 1 2 3 4 5 |  5.0
Invocations    | 1 3 4 7 9 10 | 10.2
Short Blades   | | 10.2
Long Blades    | | 10.2
Axes           | | 10.2
Maces & Flails | | 10.2
Polearms       | | 10.2
Staves         | | 10.2
Stealth        | |  2.6
Unarmed Combat | | 10.2

Action                   |  1- 3 |  4- 6 |  7- 9 | 10-12 || total
-------------------------+-------+-------+-------+-------++-------
Melee: Whip              |   134 |       |       |       ||   134
       War axe           |     6 |    43 |       |       ||    49
       Demon blade       |       |   128 |   190 |   228 ||   546
Invok: Recall Undead Sla |       |       |     2 |     4 ||     6
       Animate Dead      |       |       |     9 |    17 ||    26
       Drain Life        |       |       |       |     4 ||     4
  Use: Scroll            |       |     2 |       |       ||     2
 Stab: Sleeping          |     3 |     1 |       |       ||     4
       Distracted        |       |       |       |     3 ||     3
  Eat: Chunk             |     4 |    11 |    17 |    17 ||    49
       Ration            |       |       |       |     1 ||     1
Armor: Robe              |    21 |       |       |       ||    21
       Ring mail         |    30 |   114 |   102 |    62 ||   308
Dodge: Dodged            |    92 |    96 |   115 |   100 ||   403
Block: Buckler           |     5 |    39 |    66 |    85 ||   195
